 Dungeon Crawl Stone Soup version 0.27-a0-419-g7a85846853 (webtiles) character file.

Game seed: 2833977292530105331

28 Chiseanne the Skirmisher (level 3, 22/30 HPs)
             Began as a Demonspawn Wanderer on Feb 26, 2021.
             Quit the game on level 1 of the Dungeon.
             The game lasted 00:00:59 (526 turns).

Chiseanne the Skirmisher (Demonspawn Wanderer)       Turns: 526, Time: 00:01:00

Health: 22/30      AC:  5    Str: 11    XL:     3   Next: 0%
Magic:  3/3        EV: 10    Int: 13    God:
Gold:   42         SH:  4    Dex: 14    Spells: 2/2 levels left

rFire    . . .     SeeInvis .   a - +2 spear
rCold    . . .     Faith    .   c - +0 buckler
rNeg     . . .     Spirit   .   i - +0 ring mail
rPois    .         Reflect  .   (no helmet)
rElec    .         Harm     .   (no cloak)
rCorr    .         Rampage  .   (no gloves)
Will     .....                  (no boots)
Stlth    +.........             (no amulet)
HPRegen  0.10/turn              (no ring)
MPRegen  0.08/turn              (no ring)

@: no status effects
A: claws 1, powered by death 1
a: no special abilities


You were on level 1 of the Dungeon.
You visited 1 branch of the dungeon, and saw 1 of its levels.

You collected 42 gold pieces.

Inventory:

Hand Weapons
 a - a +2 spear (weapon)
 e - a +0 dagger
Missiles
 d - 21 arrows
 f - 7 datura-tipped darts (quivered)
Armour
 c - a +0 buckler (worn)
 i - a +0 ring mail (worn)
Scrolls
 g - a scroll of random uselessness {unknown}
Potions
 b - 2 potions of lignification
 h - a potion of invisibility {unknown}


   Skills:
 * Level 4.3 Fighting
 - Level 1.0(1.1) Axes
 - Level 1.0(1.1) Polearms
 * Level 1.2 Armour
 * Level 1.1 Dodging
 - Level 1.7 Stealth
 * Level 1.6 Shields


You had 2 spell levels left.
You didn't know any spells.
Your spell library was empty.

Dungeon Overview and Level Annotations

Branches:
Dungeon (1/15)

Altars:


Innate Abilities, Weirdness & Mutations

You have sharp fingernails.
You regenerate a little health from kills.


Message History

You enter a dispersal trap!
The goblin blinks!
You blink.
You reach to attack!
You hit the goblin.
The goblin is heavily wounded.
You hit the goblin.
You kill the goblin!
No target in view!
No target in view!
No target in view!
No target in view!
No target in view!
No target in view!
No target in view!
No target in view!
No target in view!
No target in view!
No target in view!
No target in view!
No target in view!
You see here a +0 club.
You see here a +0 hunting sling.
A dart slug comes into view.
You reach to attack!
You hit the dart slug.
The dart slug is lightly wounded.
The dart slug launches a dart at you. The slug dart hits you.
You reach to attack!
You hit the dart slug.
The dart slug is heavily wounded.
You hit the dart slug.
The dart slug is severely wounded.
The dart slug bites you.
You hit the dart slug.
You kill the dart slug!
You have reached level 3!
Your experience leads to an increase in your attributes!
Increase (s)trength, (i)ntelligence, or (d)exterity?
You feel stronger.
You feel monstrous as your demonic heritage exerts itself.
Your demonic ancestry asserts itself...
Your fingernails lengthen.
Are you sure you want to abandon this character and quit the game? (Confirm with "yes".)

#.#................
#....##########.###
###..# ####.###
##†.# #.>.....
#...# #..#....
#.#.# #..###.#
#.#.# #..# #.#
#.#.# #..# #.#
#@#.# #..###.#
#†#.# #......#
#.#.# #..#..##
#.#.#######..#..#
#.#..........#..#
#.#########..#..##
#.# #....... #.#
#.##..## #.##....


There were no monsters in sight!

Vanquished Creatures
  An ooze (D:1)
  5 dart slugs (D:1)
  3 goblins (D:1)
  A hobgoblin (D:1)
  A ball python (D:1)
  A frilled lizard (D:1)
  4 rats (D:1)
16 creatures vanquished.

Notes
Turn   | Place    | Note
-------+----------+-------------------------------------------
     0 | D:1      | Chiseanne the Demonspawn Wanderer began the quest for the
                  | Orb.
     0 | D:1      | Chiseanne set off with the following items: a +2 spear, a
                  | potion of lignification, a +0 buckler, a +0 robe, a +0
                  | dagger
     0 | D:1      | Reached XP level 1. HP: 19/19 MP: 1/1
   206 | D:1      | Gained mutation: You regenerate a little health from kills.
                  | [demonic ancestry]
   206 | D:1      | Reached XP level 2. HP: 25/25 MP: 2/2
   422 | D:1      | Reached skill level 1 in Dodging
   526 | D:1      | Gained mutation: You have sharp fingernails. [demonic
                  | ancestry]
   526 | D:1      | Reached XP level 3. HP: 22/30 MP: 3/3
   526 | D:1      | Quit the game

Illustrated notes

Levels and vault maps discovered:
D:1:      sevenhm_arrival_forest_fort_small_1, layout_loops_ring

Skill      XL: |  1  2 |
---------------+-------+-----
Dodging        | 1 |  1.1
Fighting       | |  4.3
Axes           | |  1.0
Polearms       | |  1.0
Armour         | |  1.2
Stealth        | |  1.7
Shields        | |  1.6

Action                   || total
-------------------------++-------
Melee: Spear             ||    41
 Stab: Sleeping          ||     2
Armor: Ring mail         ||     2
Dodge: Dodged            ||     6
Block: Buckler           ||     4

Table legend: (Time is in decaauts)
 A = Elapsed time spent in this place.
 B = Non-inter-level travel time spent in this place.
 C = Inter-level travel time spent in this place.
 D = Time resting spent in this place.
 E = Time spent auto-exploring this place.
 F = Levels seen in this place.
 G = Mean time per level.
                   A        B        C        D        E       F      G
               +--------+--------+--------+--------+--------+-----+--------+
         Total |    532 |    532 |      0 |      0 |    417 |   1 |  532.0 |
       Dungeon |    532 |    532 |      0 |      0 |    417 |   1 |  532.0 |
               +--------+--------+--------+--------+--------+-----+--------+

Top non-repeatable levels by time:
     D:1: 532 daAuts
